 Dungeon Crawl Stone Soup version 0.30-a0-702-gdf48620a09 (webtiles) character file.

Game seed: 4349059068262542024

1105 ParallaxScroll the Skirmisher (level 8, -11/66 HPs)
             Began as a Minotaur Hexslinger on Jan 22, 2023.
             Was an Initiate of Ru.
             Mangled by an ice beast (13 damage)
             ... on level 5 of the Dungeon.
             The game lasted 00:26:22 (4594 turns).

ParallaxScroll the Skirmisher (Minotaur Hexslinger) Turns: 4594, Time: 00:26:22

Health: -11/66     AC:  3    Str: 16    XL:     8   Next: 11%
Magic:  8/8        EV: 12    Int: 10    God:    Ru [......]
Gold:   233        SH:  5    Dex: 12    Spells: 8/9 levels left

rFire   . . .      SeeInvis .    a - +1 longbow (freeze)
rCold   . . .      Faith    .    (shield currently unavailable)
rNeg    . . .      Spirit   .    n - +0 leather armour
rPois   .          Reflect  +    (helmet restricted)
rElec   .          Harm     .    (no cloak)
rCorr   +          Rampage  .    (no gloves)
Will    .....                    (no boots)
Stlth   +                        x - amulet of reflection
HPRegen 0.31/turn                w - ring of resist corrosion
MPRegen 0.11/turn                (no ring)

@: about to teleport
A: horns 2, retaliatory headbutt
a: Renounce Religion


You were on level 5 of the Dungeon.
You worshipped Ru.
Ru was noncommittal.
You visited 2 branches of the dungeon, and saw 6 of its levels.

You collected 233 gold pieces.

Inventory:

Hand Weapons
 a - a +1 longbow of freezing (weapon)
 b - a +2 whip of venom
 h - a +1 sling
 o - a +0 falchion
 p - a +0 short sword
 q - a +0 hand axe
 D - a +0 hand axe of flaming
 E - a +1 mace of holy wrath
 I - a +1 dagger of freezing
Missiles
 l - 27 stones
 t - 6 poisoned darts
 B - 7 javelins
Armour
 c - a +0 robe
 f - a +0 ring mail
 n - a +0 leather armour (worn)
 r - a +0 chain mail
 y - a +0 scale mail
 C - a +0 kite shield
 H - a +0 plate armour
Magical Staves
 A - a staff of death
Jewellery
 w - a ring of resist corrosion (left hand)
 x - an amulet of reflection (around neck)
Scrolls
 e - a scroll of acquirement
 i - 2 scrolls of enchant armour
 m - a scroll of teleportation
 s - a scroll of magic mapping
 F - a scroll of amnesia {unknown}
Potions
 g - a potion of ambrosia
 j - a potion of magic {unknown}
 u - 2 potions of mutation {unknown}
 z - 2 potions of resistance
 G - a potion of degeneration {unknown}
 J - a potion of lignification {unknown}


   Skills:
 - Level 4.0 Fighting
 + Level 9.8 Ranged Weapons
 - Level 2.0 Armour
 - Level 2.1 Dodging
 - Level 1.0 Spellcasting
 - Level 2.0 Hexes


You had 8 spell levels left.
You knew the following spells:

 Your Spells              Type           Power      Damage    Failure   Level
a - Slow                  Hex            16%        N/A       19%         1

Your spell library contained the following spells:

 Spells                   Type           Power      Damage    Failure   Level
 Blink                    Tloc           0%         N/A       54%         2
 Cigotuvi's Dreadful Rot  Necr/Pois/Air  0%         N/A       54%         2
 Lesser Beckoning         Tloc           0%         N/A       54%         2
 Momentum Strike          Conj/Tloc      0%         3d8       54%         2
 Poisonous Vapours        Pois/Air       0%         N/A       54%         2
 Dazzling Flash           Conj/Hex       4%         N/A       63%         3
 Inner Flame              Hex/Fire       2%         N/A       63%         3
 Portal Projectile        Hex/Tloc       4%         N/A       63%         3
 Mephitic Cloud           Conj/Pois/Air  0%         N/A       77%         3
 Stone Arrow              Conj/Erth      0%         3d7       77%         3
 Cause Fear               Hex            2%         N/A       88%         4
 Animate Armour           Summ/Erth      0%         N/A       99%         4
 Iskenderun's Mystic Bla  Conj/Tloc      0%         2d3       99%         4
 Starburst                Conj/Fire      0%         6d3       100%        6
 Lehudib's Crystal Spear  Conj/Erth      0%         10d2      100%        8


Dungeon Overview and Level Annotations

Branches:
Dungeon (5/15)             Temple (1/1) D:5

Altars:
Cheibriados
Dithmenos
Gozag
Kikubaaqudgha
Makhleb
Nemelex Xobeh
Qazlal
Ru
Sif Muna
Trog
Uskayaw
Vehumet
Xom
Yredelemnul
Zin
The Shining One

Shops:
D:2 (

Annotations:
D:3 1 runed translucent door, Crazy Yiuf


Innate Abilities, Weirdness & Mutations

You have a pair of horns on your head.
You reflexively headbutt those who attack you in melee.


Message History

The ice beast is severely wounded.
The ice beast hits you but does no damage.
Fire: a) +1 longbow (freeze)
Press: ? - help, Q - select action, (/) - cycle Shift-Dir - straight line, f/p - ice beast
Aim: an ice beast (severely wounded, 63% to hit)
You shoot an arrow.
The arrow completely misses the ice beast.
The ice beast hits you. The ice beast freezes you! The ice beast misses you.
Fire: a) +1 longbow (freeze)
Press: ? - help, Q - select action, (/) - cycle Shift-Dir - straight line, f/p - ice beast
Aim: an ice beast (severely wounded, 63% to hit)
You shoot an arrow. The arrow hits the ice beast.
The ice beast is severely wounded.
The ice beast hits you but does no damage.
Fire: a) +1 longbow (freeze)
Press: ? - help, Q - select action, (/) - cycle Shift-Dir - straight line, f/p - ice beast
Aim: an ice beast (severely wounded, 63% to hit)
You shoot an arrow. The arrow barely misses the ice beast.
The ice beast hits you. The ice beast freezes you!
* * * LOW HITPOINT WARNING * * *
You feel better. The ice beast closely misses you.
Fire: a) +1 longbow (freeze)
Press: ? - help, Q - select action, (/) - cycle Shift-Dir - straight line, f/p - ice beast
Aim: an ice beast (severely wounded, 63% to hit)
You shoot an arrow. The arrow barely misses the ice beast.
The ice beast hits you.
* * * LOW HITPOINT WARNING * * *
The ice beast freezes you!
* * * LOW HITPOINT WARNING * * *
You feel better. The ice beast hits you.
* * * LOW HITPOINT WARNING * * *
The ice beast freezes you.
* * * LOW HITPOINT WARNING * * *
As you read the scroll labelled ZAGIS RITSUMAE, it crumbles to dust.
You feel strangely unstable.
It was a scroll of teleportation.
The ice beast hits you but does no damage.
The ice beast attacks as you move away! The ice beast hits you.
* * * LOW HITPOINT WARNING * * *
The ice beast freezes you!
You die...

#.#.#.....#
#...##.#.##
##...#...###
#..........
#.#...##### #.###.#
#.# #..#
#######.####.####
.........@.......
###########Y.#######
....... #.'..#
....... #.#..#
.......##.#).#
.......'..#).#
.......####..#
......$ .#+# .......
.


You could see an ice beast.

Vanquished Creatures
  Grinder (D:4)
  Duvessa (D:5)
  A black bear (D:5)
  An ice beast (D:5)
  An ogre (D:5)
  A kobold brigand (D:4)
  3 scorpions
  Dowan (D:5)
  A jelly (D:5)
  2 hounds (D:4)
  An iguana (D:4)
  2 gnolls (D:5)
  2 adders
  An ufetubus (D:5)
  3 worms
  4 dart slugs
  9 orcs
  6 endoplasms
  A giant cockroach (D:1)
  5 goblins
  12 hobgoblins
  3 quokkas
  5 ball pythons
  A bat (D:3)
  6 frilled lizards
  15 kobolds
  4 rats
93 creatures vanquished.

Vanquished Creatures (others)
  A demonic plant (D:1)
  5 fungi
  4 plants (D:1)
  3 withered plants (D:1)
13 creatures vanquished.

Grand Total: 106 creatures vanquished

Notes
Turn   | Place    | Note
-------+----------+-------------------------------------------
     0 | D:1      | ParallaxScroll the Minotaur Hexslinger began the quest for
                  | the Orb.
     0 | D:1      | Reached XP level 1. HP: 16/16 MP: 1/1
   162 | D:1      | Identified a scroll of acquirement
   206 | D:1      | Reached XP level 2. HP: 15/23 MP: 2/2
   208 | D:1      | Reached skill level 3 in Ranged Weapons
   209 | D:1      | HP: 1/23 [hobgoblin (2)]
   906 | D:1      | Found a faded altar of an unknown god.
  1192 | D:2      | Reached XP level 3. HP: 28/28 MP: 3/3
  1285 | D:2      | Found Tuohacus's Weapon Boutique.
  1359 | D:2      | Reached skill level 4 in Ranged Weapons
  2295 | D:3      | Found a burning altar of Makhleb.
  2636 | D:3      | Found a runed translucent door.
  2637 | D:3      | Noticed Crazy Yiuf
  2719 | D:4      | Reached XP level 4. HP: 35/35 MP: 4/4
  2723 | D:4      | Reached skill level 5 in Ranged Weapons
  2785 | D:4      | Noticed a scorpion
  2790 | D:4      | Killed a scorpion
  2791 | D:4      | Reached skill level 6 in Ranged Weapons
  2791 | D:4      | Reached skill level 1 in Armour
  2791 | D:4      | Reached XP level 5. HP: 41/41 MP: 5/5
  2808 | D:4      | Noticed Grinder
  2810 | D:4      | Paralysed by Grinder for 4 turns
  2819 | D:4      | Killed Grinder
  2820 | D:4      | Reached XP level 6. HP: 52/52 MP: 6/6
  2922 | D:4      | Found a basalt altar of Yredelemnul.
  3120 | D:4      | Found a glowing golden altar of the Shining One.
  3124 | D:4      | Noticed an angel
  3643 | D:5      | Entered Level 5 of the Dungeon
  3661 | D:5      | Reached skill level 7 in Ranged Weapons
  3661 | D:5      | Reached XP level 7. HP: 31/59 MP: 7/7
  4033 | D:5      | Reached skill level 8 in Ranged Weapons
  4053 | D:5      | Found a staircase to the Ecumenical Temple.
  4066 | Temple   | Entered the Ecumenical Temple
  4301 | Temple   | Became a worshipper of Ru the Awakened
  4382 | D:5      | Noticed Dowan
  4392 | D:5      | Killed Dowan
  4393 | D:5      | Reached skill level 9 in Ranged Weapons
  4393 | D:5      | Noticed Duvessa
  4399 | D:5      | Killed Duvessa
  4400 | D:5      | Reached XP level 8. HP: 29/66 MP: 8/8
  4594 | D:5      | HP: 2/66 [ice beast (3)]
  4594 | D:5      | Mangled by an ice beast

Illustrated notes

Levels and vault maps discovered:
D:1:      lemuel_arrival_room, layout_basic, shapermc_ecumenical_altar_gd
D:2:      layout_rooms, serial_shops, nicolae_square_shop
D:3:      layout_loops_corners, overflow_temple_1_default,
          uniq_crazy_yiuf_cottage
D:4:      layout_loops_ring, grunt_temple_overflow_holy_war, uniq_grinder
D:5:      layout_basic, minmay_temple_entry_slanted,
          ebering_ghost_disaster_area, hangedman_abyss_or_decor_stabs,
          uniq_duvessa
Temple:   nicolae_temple_figure_eight

Skill      XL: |  1  2  3  4  5  6  7 |
---------------+----------------------+-----
Ranged Weapons | 3 4 6 7 9 |  9.8
Fighting       | 2 4 |  4.0
Armour         | 1 2 |  2.0
Dodging        | |  2.1
Spellcasting   | |  1.0
Hexes          | |  2.0

Action                   |  1- 3 |  4- 6 |  7- 9 || total
-------------------------+-------+-------+-------++-------
 Fire: Longbow           |   105 |    80 |    64 ||   249
       Sling             |     1 |       |       ||     1
Throw: Dart              |       |     3 |    15 ||    18
 Cast: Slow              |     9 |       |       ||     9
  Use: Scroll            |     8 |     1 |     3 ||    12
       Potion            |       |     1 |     3 ||     4
Armor: Robe              |     3 |       |       ||     3
       Ring mail         |     2 |       |       ||     2
       Leather armour    |     2 |     2 |     7 ||    11
Dodge: Dodged            |    14 |    15 |    22 ||    51
Block: Other             |     2 |    14 |     7 ||    23

Table legend: (Time is in decaauts)
 A = Elapsed time spent in this place.
 B = Non-inter-level travel time spent in this place.
 C = Inter-level travel time spent in this place.
 D = Time resting spent in this place.
 E = Time spent auto-exploring this place.
 F = Levels seen in this place.
 G = Mean time per level.
                   A        B        C        D        E       F      G
               +--------+--------+--------+--------+--------+-----+--------+
         Total |   4709 |   4310 |    399 |    698 |   2863 |   6 |  784.8 |
       Dungeon |   4442 |   4102 |    340 |    698 |   2656 |   5 |  888.4 |
        Temple |    266 |    208 |     58 |      0 |    207 |   1 |  266.0 |
               +--------+--------+--------+--------+--------+-----+--------+

Top non-repeatable levels by time:
     D:4: 1227 daAuts
     D:1: 1209 daAuts
     D:3: 1027 daAuts
     D:2: 589 daAuts
     D:5: 389 daAuts
  Temple: 266 daAuts
